 Dungeon Crawl Stone Soup version 0.29.0-15-g675c0067aa (webtiles) character file.

Game seed: 7398420251468261994

270 qw the Sneak (level 6, -8/38 HPs)
             Began as a Gargoyle Delver on Sept 11, 2022.
             Killed from afar by a steam dragon (16 damage)
             ... with a ball of steam
             ... on level 5 of the Dungeon.
             The game lasted 00:00:31 (1440 turns).

qw the Sneak (Gargoyle Delver)                      Turns: 1440, Time: 00:00:32

Health: -8/38      AC: 10    Str: 18    XL:     6   Next: 22%
Magic:  6/6        EV: 10    Int: 10    God:
Gold:   33         SH:  0    Dex: 11    Spells: 5/5 levels left

rFire   . . .      SeeInvis .   Y - +1 hand axe
rCold   . . .      Faith    .   (no shield)
rNeg    + . .      Spirit   .   k - +0 scale mail
rPois   inf        Reflect  .   (no helmet)
rElec   +          Harm     .   (no cloak)
rCorr   .          Rampage  .   (no gloves)
Will    .....                   (no boots)
Stlth   +.........              (no amulet)
HPRegen 0.12/turn               (no ring)
MPRegen 0.10/turn               (no ring)

@: no status effects
A: sickness immunity, AC +4, negative energy resistance 1, electricity
resistance, torment resistance 1, petrification resistance
a: no special abilities


You were on level 5 of the Dungeon.
You visited 1 branch of the dungeon, and saw 3 of its levels.

You collected 33 gold pieces.


Innate Abilities, Weirdness & Mutations

You are immune to sickness and miasma.
Your stone body is resilient. (AC +4)
You are immune to poison.
You resist negative energy. (rN+)
You are resistant to electric shocks. (rElec)
You are resistant to unholy torment.
You are immune to petrification.


   Skills:
 - Level 4.1 Fighting
 + Level 5.1 Axes
 - Level 1.5 Armour
 - Level 1.5 Dodging
 - Level 5.4 Stealth


You had 5 spell levels left.
You didn't know any spells.
Your spell library was empty.

Inventory:

Hand Weapons
 i - a +0 mace
 Y - a +1 hand axe (weapon)
Armour
 k - a +0 scale mail (worn)
Wands
 g - a wand of digging (3)
Potions
 f - a potion of haste
 j - a potion of brilliance {unknown}
 l - a potion of curing {unknown}

Dungeon Overview and Level Annotations

Branches:
Dungeon (5/15)
 Temple: D:4-7

Altars:
Vehumet


Message History

You hit the steam dragon but do no damage.
The steam dragon is moderately wounded.
You are engulfed in a cloud of scalding steam.
The steam dragon barely misses you. The steam dragon completely misses you.
You slash the steam dragon!
The steam dragon is heavily wounded.
You are engulfed in a cloud of scalding steam.
The steam dragon closely misses you.
The steam dragon claws you but does no damage.
The steam dragon closely misses you.
The steam dragon claws you but does no damage.
You hit the steam dragon.
The steam dragon is heavily wounded.
The steam dragon barely misses you. The steam dragon closely misses you.
You barely miss the steam dragon.
The steam dragon is heavily wounded.
The steam dragon bites you but does no damage.
The steam dragon closely misses you.
You hit the steam dragon.
The steam dragon is heavily wounded.
The steam dragon closely misses you.
The steam dragon claws you but does no damage.
You closely miss the steam dragon.
The steam dragon is heavily wounded.
The steam dragon breathes steam at you. The ball of steam hits you!
You hit the steam dragon but do no damage.
The steam dragon is heavily wounded.
You are engulfed in a cloud of scalding steam.
The steam dragon bites you but does no damage.
The steam dragon claws you.
You hit the steam dragon.
The steam dragon is severely wounded.
The steam dragon bites you but does no damage.
The steam dragon barely misses you.
You hit the steam dragon.
The steam dragon is severely wounded.
The steam dragon breathes steam at you. The ball of steam hits you!
You die...

..........................###..#
##...#..........>............#.#
###.##..#(##.....#####..#.####.#
# #.##..#...............#.# #.#
###.##..#.#...#..######.#.# #.#
....##..#........# #.#.# #.#
.................# #.#.# #.#
.######.0........######.#.# #.#
.# #...0¤.¤...@D........# .##
#.00.....#######.### ..#
#...00.### ..# #.0....# ..#
#..##### ..# #. ..# .. ..# #.
#.# ###


You could see a steam dragon (catching breath).

Vanquished Creatures
  2 scorpions (D:5)
  3 hounds
  2 iguanas (D:4)
  A ball python (D:4)
  A hobgoblin (D:4)
  2 goblins (D:4)
  3 kobolds
14 creatures vanquished.

Notes
Turn   | Place    | Note
-------+----------+-------------------------------------------
     0 | D:5      | qw the Gargoyle Delver began the quest for the Orb.
     0 | D:5      | Reached XP level 1. HP: 14/14 MP: 1/1
     0 | D:5      | 0 ||| qw: Version: 0.1-a-117-gfe26ee0
     0 | D:5      | 0 ||| qw: Game counter: 10176
     0 | D:5      | 0 ||| qw: Always use a shield: true
     0 | D:5      | 0 ||| qw: God list: Okawaru
     0 | D:5      | 0 ||| qw: Allow faded altars: false
     0 | D:5      | 0 ||| qw: Do Orc after D:15 true
     0 | D:5      | 0 ||| qw: Do second Lair branch before Depths: true
     0 | D:5      | 0 ||| qw: Lair rune preference: random
     0 | D:5      | 0 ||| qw: Plans: Normal
     0 | D:5      | 0 ||| PLANNING D:1-11
    16 | D:5      | Found a radiant altar of Vehumet.
    20 | D:5      | Noticed a hound
    36 | D:5      | Killed a hound
    37 | D:5      | Reached skill level 3 in Axes
    37 | D:5      | Reached XP level 2. HP: 15/19 MP: 2/2
    37 | D:5      | Reached XP level 3. HP: 18/23 MP: 3/3
   104 | D:5      | Noticed a scorpion
   115 | D:5      | Killed a scorpion
   116 | D:5      | Reached XP level 4. HP: 22/28 MP: 4/4
   281 | D:5      | Noticed a scorpion
   300 | D:5      | Killed a scorpion
   301 | D:5      | Reached XP level 5. HP: 15/32 MP: 5/5
   491 | D:5      | 491 ||| UPGRADING to +0 scale mail.
   501 | D:5      | 501 ||| DROPPING +0 leather armour.
   502 | D:5      | 502 ||| DROPPING scroll of fog.
   503 | D:5      | 503 ||| DROPPING scroll of magic mapping.
   504 | D:5      | 504 ||| DROPPING scroll of fear.
   533 | D:4      | 533 ||| Stepping ~*~*~tactically~*~*~ (stealth).
   534 | D:4      | 534 ||| Stepping ~*~*~tactically~*~*~ (stealth).
   536 | D:4      | 536 ||| Stepping ~*~*~tactically~*~*~ (stealth).
   556 | D:4      | Reached skill level 1 in Armour
   560 | D:4      | 560 ||| Stepping ~*~*~tactically~*~*~ (stealth).
   630 | D:4      | 630 ||| Stepping ~*~*~tactically~*~*~ (stealth).
   631 | D:4      | 631 ||| Stepping ~*~*~tactically~*~*~ (stealth).
   888 | D:4      | Reached XP level 6. HP: 28/38 MP: 6/6
  1111 | D:4      | 1111 ||| READING scroll labelled SOIPO HICHA.
  1112 | D:4      | 1112 ||| READING scroll labelled LID BENE ICW.
  1113 | D:4      | 1113 ||| DRINKING 2 fizzy golden potions.
  1207 | D:3      | You fall into a shaft and drop 2 floors!
  1208 | D:5      | 1208 ||| READING scroll labelled EHICZOMYIC.
  1212 | D:5      | 1212 ||| Stepping randomly (stuck).
  1212 | D:5      | Noticed a steam dragon
  1213 | D:5      | 1213 ||| Stepping ~*~*~tactically~*~*~ (hiding).
  1314 | D:5      | 1314 ||| Stepping randomly (stuck).
  1315 | D:5      | 1315 ||| Stepping ~*~*~tactically~*~*~ (hiding).
  1416 | D:5      | 1416 ||| Stepping randomly (stuck).
  1430 | D:5      | HP: 3/38 [steam dragon/ball of steam (15)]
  1431 | D:5      | 1431 ||| DRINKING potion of heal wounds.
  1438 | D:5      | HP: 7/38 [steam dragon (3)]
  1440 | D:5      | Killed from afar by a steam dragon

Levels and vault maps discovered:
D:3:      layout_basic, nicolae_ru_sacrificial_ziggurat, uniq_jessica
D:4:      layout_basic
D:5:      layout_loops_ring, fiery_altar_vehumet, st_stairs_13

Skill      XL: |  1  2  3  4  5  6 |
---------------+-------------------+-----
Axes           | 3 4 5 |  5.1
Armour         | 1 |  1.5
Fighting       | 4 |  4.1
Dodging        | |  1.5
Stealth        | |  5.4

Action                   |  1- 3 |  4- 6 || total
-------------------------+-------+-------++-------
Melee: Hand axe          |    12 |    95 ||   107
  Use: Scroll            |       |     3 ||     3
       Potion            |       |     2 ||     2
 Stab: Sleeping          |     1 |       ||     1
Armor: Leather armour    |     4 |     4 ||     8
       Scale mail        |       |    38 ||    38
Dodge: Dodged            |     8 |    50 ||    58

Table legend:
 A = Non-vault XP
 B = Vault XP
 C = Vault XP percentage of total XP
 D = Non-vault monster count
 E = Vault monster count
 F = Vault count percentage of total count
                 A         B        C        D         E       F
            +---------+---------+-------+---------+---------+-------
      Total |     386 |       0 |   0.0 |      14 |       0 |   0.0
            +---------+---------+-------+---------+---------+-------
        D:3 |       4 |       0 |   0.0 |       2 |       0 |   0.0
        D:4 |     169 |       0 |   0.0 |       9 |       0 |   0.0
        D:5 |     213 |       0 |   0.0 |       3 |       0 |   0.0
            +---------+---------+-------+---------+---------+-------
